 Dungeon Crawl Stone Soup version 0.25.1-2-g60ff931df9 (webtiles) character file.

Game seed: 5883368538788335174

46 AuftragZ the Charmwright (level 3, -1/30 HPs)
             Began as a Draconian Skald on Aug 4, 2020.
             Slain by a gnoll
             ... wielding a +0 halberd
              (6 damage)
             ... on level 2 of the Dungeon.
             The game lasted 00:04:05 (1268 turns).

AuftragZ the Charmwright (Draconian Skald)          Turns: 1268, Time: 00:04:05

Health: -1/30      AC:  5    Str: 13    XL:     3   Next: 46%
Magic:  2/6        EV: 12    Int: 14    God:
Gold:   50         SH:  0    Dex: 10    Spells: 5/6 levels left

rFire    . . .     SeeInvis .   a - +0 mace
rCold    . . .     Gourm    .   (no shield)
rNeg     . . .     Faith    .   (armour unavailable)
rPois    .         Spirit   .   (helmet restricted)
rElec    .         Reflect  .   (no cloak)
rCorr    .         Harm     .   (no gloves)
MR       .....                  (no boots)
Stlth    +.........             (no amulet)
HPRegen  0.10/turn              (no ring)
MPRegen  0.10/turn              (no ring)

@: infused (expiring)
A: unfitting armour, cold-blooded, AC +5
a: no special abilities


You were on level 2 of the Dungeon.
You were not hungry.

You visited 1 branch of the dungeon, and saw 2 of its levels.

You collected 50 gold pieces.

Inventory:

Hand Weapons
 a - a +0 mace (weapon)
Missiles
 j - 15 poisoned darts (quivered)
Jewellery
 h - an uncursed ring of ice {unknown}
Potions
 b - 2 potions of might {unknown}
 d - a potion of lignification {unknown}
 e - a potion of curing {unknown}
 g - 3 potions of degeneration {unknown}
 i - a potion of flight {unknown}
Comestibles
 c - 2 rations
 f - a chunk of flesh


   Skills:
 + Level 2.6 Fighting
 + Level 2.2 Maces & Flails
 + Level 2.4 Dodging
 + Level 0.9 Stealth
 + Level 2.3 Spellcasting
 + Level 3.1 Charms


You had 5 spell levels left.
You knew the following spells:

 Your Spells              Type           Power        Failure   Level  Hunger
a - Infusion              Chrm           ##..         6%          1    #......

Your spell library contained the following spells:

 Spells                   Type           Power        Failure   Level  Hunger
 Song of Slaying          Chrm           ##......     10%         2    ###....
 Shroud of Golubria       Chrm/Tloc      #.....       19%         2    ###....
 Ozocubu's Armour         Chrm/Ice       #.......     36%         3    ###....
 Spectral Weapon          Hex/Chrm       #.......     36%         3    ###....


Dungeon Overview and Level Annotations

Branches:
Dungeon (1/15)

Altars:
Kikubaaqudgha


Innate Abilities, Weirdness & Mutations

Your plain brown scales are hard. (AC +5)
You cannot fit into any form of body armour.
You are cold-blooded and may be slowed by cold attacks.


Message History

The gnoll hits you from afar with a +0 halberd!
You closely miss the gnoll.
The gnoll looks more healthy.
The gnoll misses you. x2
The gnoll hits you but does no damage.
You thump the gnoll!
The gnoll is severely wounded.
The gnoll closely misses you. x2
You barely miss the gnoll.
The gnoll is severely wounded.
The gnoll closely misses you.
You hit the kobold!
You kill the kobold!
Your magical infusion is running out.
The gnoll barely misses you.
The gnoll hits you from afar with a +0 halberd!
You barely miss the gnoll.
The gnoll is severely wounded.
The gnoll hits you with a +0 club.
* * * LOW HITPOINT WARNING * * *
The gnoll hits you from afar with a +0 halberd.
You die...

### ... #.###
.( # ....
#(##.#..
#.(..#.#
##..#g)@#
....#(#g###
###.......#
..........#
#######.#.###
..........#
###
######.###
..# #.#
..####### #.#


You could see 2 gnolls.

Vanquished Creatures
  An adder (D:2)
  A gnoll (D:2)
  A leopard gecko (D:1)
  3 goblins (D:1)
  A hobgoblin (D:1)
  4 jackals (D:1)
  6 bats
  A frilled lizard (D:2)
  4 kobolds
  3 rats
25 creatures vanquished.

Notes
Turn   | Place    | Note
-------+----------+-------------------------------------------
     0 | D:1      | AuftragZ the Draconian Skald began the quest for the Orb.
     0 | D:1      | Reached XP level 1. HP: 17/17 MP: 3/3
   135 | D:1      | Reached XP level 2. HP: 9/24 MP: 0/5
   555 | D:1      | Reached skill level 3 in Charms
   908 | D:1      | You fall into a shaft and drop 1 floor!
   986 | D:2      | Found an ancient bone altar of Kikubaaqudgha.
   993 | D:2      | Reached XP level 3. HP: 21/30 MP: 6/6
  1268 | D:2      | Slain by a gnoll

Illustrated notes

Levels and vault maps discovered:
D:1:      arrival_zaba_pyramid, layout_rooms, hangedman_decor_diamond_cutter,
          corexii_item_surrounded_by_moat, minmay_misc_feat_four_crosses
D:2:      layout_basic, fedhas_altar_2, kiku_gazebo_pond_becter, kennysheep_nub,
          makhleb_heckhound_becter

Skill      XL: |  1  2 |
---------------+-------+-----
Charms         | 3 |  3.1
Fighting       | |  2.6
Maces & Flails | |  2.2
Dodging        | |  2.4
Stealth        | |  0.9
Spellcasting   | |  2.3

Action                   || total
-------------------------++-------
Melee: Mace              ||    92
       Tailslap          ||     6
Throw: Dart              ||     5
 Cast: Infusion          ||     2
  Use: Scroll            ||     1
  Eat: Chunk             ||     1
Armor: Skin              ||    60
Dodge: Dodged            ||   116
